AoeStats
← harryliaoli

Arabia

504251436Analyzed
1v1 RM · 28d ago on Sep 4, 2026· 18m 21s· 2 players
Game mode
Random Map
Map size
Tiny (2 player)
Population
200
Speed
Normal
Resources
Standard
Victory
Conquest
Starting age
Dark Age
Ending age
Imperial Age
RankedLock teamsTeams togetherTeam positionsShared explorationLock speedFull tech treeHidden civsTurbo modeCheats
Victory
Defeat
🇲🇽 Spanish · Mexico
793
+18
🇵🇪 Mongols · Peru
832
-18
harryliaoli
6:14 Loom
9:06 Feudal Age
9:32 Double-Bit Axe
10:52 Horse Collar
15:33 Scale Barding Armor
16:21 Forging
18:36 Wheelbarrow
Tanke88
8:54 Loom
12:57 Feudal Age
13:46 Horse Collar
18:28 Wheelbarrow
Connection lost

Rejoining the realm…

Still unreachable

The connection could not be restored.

Session expired

The server has moved on; the page needs a fresh start.